 Dungeon Crawl Stone Soup version 0.29-a0-88-g03a7b78be7 (webtiles) character file.

Game seed: 11075850066620076989

18 Hubjo the Sneak (level 2, -1/30 HPs)
             Began as a Vampire Enchanter on Feb 5, 2022.
             Slain by Sigmund (9 damage)
             ... on level 2 of the Dungeon.
             The game lasted 00:02:53 (1043 turns).

Hubjo the Sneak (Vampire Enchanter)                 Turns: 1043, Time: 00:02:53

Health: -1/30      AC:  3    Str:  7    XL:     2   Next: 48%
Magic:  5/5        EV: 12    Int: 17    God:
Gold:   12         SH:  0    Dex: 14    Spells: 5/5 levels left

rFire   . . .      SeeInvis +   a - +1 dagger
rCold   . . .      Faith    .   (no shield)
rNeg    . . .      Spirit   .   b - +0 robe
rPois   .          Reflect  .   f - +0 helmet
rElec   .          Harm     .   (no cloak)
rCorr   .          Rampage  .   (no gloves)
Will    .....      Clarity  +   (no boots)
Stlth   ..........              (no amulet)
HPRegen 0.30/turn               (no ring)
MPRegen 0.09/turn               (no ring)

@: brilliant, berserking, healing quickly, hasted, very quick
A: alive, fangs 3, see invisible, vampiric 1, clarity
a: Exsanguinate


You were on level 2 of the Dungeon.
You visited 1 branch of the dungeon, and saw 2 of its levels.

You collected 12 gold pieces.

Inventory:

Hand Weapons
 a - a +1 dagger (weapon)
Armour
 b - a +0 robe (worn)
 f - a +0 helmet (worn)
Scrolls
 h - a scroll of identify {unknown}
Potions
 c - a potion of invisibility


   Skills:
 * Level 0.8 Fighting
 + Level 1.4 Short Blades
 + Level 2.3 Dodging
 * Level 5.0 Stealth
 - Level 2.0 Spellcasting
 + Level 4.6 Hexes


You had 5 spell levels left.
You didn't know any spells.
Your spell library contained the following spells:

 Spells                   Type           Power      Damage    Failure   Level
 Confusing Touch          Hex            26%        N/A       9%          3
 Tukima's Dance           Hex            26%        N/A       9%          3
 Ensorcelled Hibernation  Hex/Ice        28%        N/A       12%         2
 Dazzling Flash           Conj/Hex       28%        N/A       22%         3


Dungeon Overview and Level Annotations

Branches:
Dungeon (2/15)

Altars:

Shops:
D:1 :

Annotations:
D:2 Sigmund


Innate Abilities, Weirdness & Mutations

Your natural rate of healing is accelerated.
You have razor-sharp teeth.
You have supernaturally acute eyesight. (SInv)
You are afflicted with vampirism.
You possess an exceptional clarity of mind.


Message History

You climb upwards.
There is a stone staircase leading down here.
There is a stone staircase leading down here.
You climb downwards.
Level annotation: Sigmund Sigmund gestures at you while chanting.
You are confused.
There is a stone staircase leading up, spattered with blood here.
It was a potion of haste.
You feel yourself speed up. Sigmund gestures at you while chanting.
You resist with significant effort.
You bump into the rock wall.
Sigmund barely misses you.
You bump into the rock wall.
Sigmund casts a spell at you. The puff of flame hits you!
Ouch! That really hurt!
You bump into the rock wall.
You feel less confused. Sigmund hits you with a +0 scythe.
* * * LOW HITPOINT WARNING * * *
You closely miss Sigmund. Your punch misses Sigmund. You hit Sigmund.
Sigmund is lightly wounded.
Sigmund hits you with a +0 scythe.
* * * LOW HITPOINT WARNING * * *
It was a potion of brilliance.
You feel clever all of a sudden.
It was a potion of mutation.
You feel extremely strange.
Your connection to magic feels subdued.
Your magic regains its normal vibrancy.
Your thoughts seem clearer.
Okay, then.
You don't know any spells.
You don't know any spells.
You don't know any spells.
It was a potion of berserk rage.
A red film seems to cover your vision as you go berserk!
You feel yourself moving faster!
You feel mighty! Sigmund hits you with a +0 scythe!
You die...

...
###
.. ..
.. ..
.# #.
.#.
#.#
#.#
#<#
#@#
#.@.#
#.##.
..#
.8
###
..8
#...
###.
##


You could see Sigmund.

Vanquished Creatures
  An endoplasm (D:1)
  A giant cockroach (D:1)
  2 goblins (D:1)
  2 hobgoblins (D:1)
  A quokka (D:1)
  2 ball pythons (D:1)
  2 bats (D:1)
  2 frilled lizards (D:1)
  3 kobolds (D:1)
16 creatures vanquished.

Notes
Turn   | Place    | Note
-------+----------+-------------------------------------------
     0 | D:1      | Hubjo the Vampire Enchanter began the quest for the Orb.
     0 | D:1      | Reached XP level 1. HP: 13/13 MP: 3/3
   303 | D:1      | Reached XP level 2. HP: 16/20 MP: 5/5
   622 | D:1      | Found Cekkuyrph's Book Boutique.
   635 | D:1      | Reached skill level 5 in Stealth
   935 | D:2      | Noticed Sigmund
  1042 | D:2      | Gained mutation: Your spells are a little easier to cast,
                  | but a little less powerful. [potion of mutation]
  1042 | D:2      | Lost mutation: Your spells are a little easier to cast, but
                  | a little less powerful. [potion of mutation]
  1042 | D:2      | Gained mutation: You possess an exceptional clarity of
                  | mind. [potion of mutation]
  1043 | D:2      | Slain by Sigmund

Illustrated notes

Levels and vault maps discovered:
D:1:      dpeg_arrival_water_fire, layout_basic, serial_shops,
          nicolae_shop_stone
D:2:      layout_loops_ring, shapermc_ecumenical_altar_venn, serial_shops,
          nicolae_square_shop, uniq_sigmund, uniq_crazy_yiuf_cottage

Skill      XL: |  1  2 |
---------------+-------+-----
Stealth        | 5 |  5.0
Fighting       | |  0.8
Short Blades   | |  1.4
Dodging        | |  2.3
Spellcasting   | |  2.0
Hexes          | |  4.6

Action                   || total
-------------------------++-------
Melee: Dagger            ||    50
       Bite              ||     2
  Use: Potion            ||     4
 Stab: Sleeping          ||     5
Armor: Robe              ||     6
Dodge: Dodged            ||    19

Table legend: (Time is in decaauts)
 A = Elapsed time spent in this place.
 B = Non-inter-level travel time spent in this place.
 C = Inter-level travel time spent in this place.
 D = Time resting spent in this place.
 E = Time spent auto-exploring this place.
 F = Levels seen in this place.
 G = Mean time per level.
                   A        B        C        D        E       F      G
               +--------+--------+--------+--------+--------+-----+--------+
         Total |   1039 |    946 |     93 |     49 |    709 |   2 |  519.5 |
       Dungeon |   1039 |    946 |     93 |     49 |    709 |   2 |  519.5 |
               +--------+--------+--------+--------+--------+-----+--------+

Top non-repeatable levels by time:
     D:1: 1019 daAuts
     D:2: 19 daAuts
